AoeStats
← vyrluky

QS Arena

503675243Analyzed
1v1 RM · 1mo ago on Sep 1, 2026· 17m 15s· 2 players
Game mode
Random Map
Map size
Tiny (2 player)
Population
200
Speed
Normal
Resources
Standard
Victory
Conquest
Starting age
Dark Age
Ending age
Imperial Age
RankedLock teamsTeams togetherTeam positionsShared explorationLock speedFull tech treeHidden civsTurbo modeCheats
Victory
Defeat
🇷🇺 Portuguese · Russia
822
+15
🇨🇿 Bohemians · Czechia
794
-15
vyrluky
9:10 Feudal Age
7:27 Loom
9:38 Horse Collar
9:45 Double-Bit Axe
11:16 Horse Collar
17:38 Castle Age
YuriK5846
8:48 Feudal Age
13:50 Castle Age
12:26 Double-Bit Axe
13:15 Loom
14:45 Bow Saw
Connection lost

Rejoining the realm…

Still unreachable

The connection could not be restored.

Session expired

The server has moved on; the page needs a fresh start.